 Dungeon Crawl Stone Soup version 0.28-a0-1616-g050a50673c (webtiles) character file.

Game seed: 8080195508335182967

1218 Shayle the Skirmisher (level 8, 0/64 HPs)
             Began as a Djinni Warper on Jan 23, 2022.
             Was an Initiate of Ashenzari.
             Slain by an orc warrior (5 damage)
             ... on level 6 of the Dungeon.
             The game lasted 00:18:33 (6687 turns).

Shayle the Skirmisher (Djinni Warper)               Turns: 6687, Time: 00:18:34

Health: 0/64       AC:  7    Str: 10    XL:     8   Next: 75%
Gold:   284        EV: 12    Int: 21    God:    Ashenzari [......] SH:  0 Dex: 15

rFire   + + .      SeeInvis .   B - +7 hand axe "Xabyosm" {holy, Int+4 Dex+2}
rCold   . . .      Faith    .   (no shield)
rNeg    . . .      Spirit   .   n - +1 robe {rC+}
rPois   ∞          Reflect  .   (no helmet)
rElec   .          Harm     .   (no cloak)
rCorr   .          Rampage  .   (no gloves)
Will    .....                   (boots unavailable)
Stlth   +++.......              (no amulet)
HPRegen 0.20/turn               f - +4 ring of protection
MPRegen 0.00/turn               (no ring)

@: flying, studying Throwing
A: sickness immunity, fire resistance 2, cold vulnerability 1, float, innate
caster, hp casting, extra vitality 1
a: Renounce Religion


You were on level 6 of the Dungeon.
You worshipped Ashenzari.
Ashenzari was noncommittal.
You visited 2 branches of the dungeon, and saw 7 of its levels.

You collected 284 gold pieces.

Inventory:

Hand Weapons
 j - a +2 dagger of venom
 k - a +2 whip of electrocution
 l - a -3 eveningstar
 x - a +0 whip of electrocution
 B - the +7 hand axe "Xabyosm" (weapon) {holy, Int+4 Dex+2}
   (You found it on level 5 of the Dungeon)

   It has been blessed by the Shining One to cause great damage to the undead
   and demons.
   Int:       It affects your intelligence (+4).
   Dex:       It affects your dexterity (+2).
Missiles
 c - 4 boomerangs of dispersal (quivered)
 E - a throwing net
 G - 2 boomerangs
Armour
 a - a +0 leather armour
 n - a +1 robe of cold resistance (worn)
Jewellery
 f - a +4 ring of protection (left hand)
 z - a +6 ring of strength
Wands
 g - a wand of iceblast (8)
 A - a wand of charming (9)
 F - a wand of paralysis (7)
Scrolls
 b - a scroll of blinking
 d - a scroll of vulnerability
 e - 4 scrolls of teleportation
 m - 2 scrolls of fog
 s - 4 scrolls of enchant weapon
Potions
 h - a potion of cancellation
 i - a potion of heal wounds
 o - a potion of lignification
 p - a potion of flight {unknown}
 t - a potion of might {unknown}
 v - a potion of curing
 w - a potion of brilliance {unknown}
 C - a potion of attraction {unknown}
 D - a potion of magic {unknown}


   Skills:
 + Level 7.2 Fighting
 - Level 0.7 Throwing
 - Level 1.0 Armour
 - Level 2.1 Dodging
 + Level 6.2 Stealth
 - Level 2.0 Unarmed Combat
 - Level 2.4 Spellcasting


You couldn't memorise any spells.
You knew the following spells:

 Your Spells              Type           Power      Damage    Failure   Level
a - Blink                 Tloc           24%        N/A       8%          2
b - Lesser Beckoning      Tloc           12%        N/A       16%         3
c - Gell's Gravitas       Tloc           12%        N/A       16%         3
d - Teleport Other        Tloc           12%        N/A       16%         3
e - Manifold Assault      Tloc           12%        N/A       82%         5
f - Magic Dart            Conj           48%        1d5       5%          1
g - Poisonous Vapours     Pois/Air       24%        N/A       8%          2
h - Inner Flame           Hex/Fire       12%        N/A       16%         3
Your spell library was empty.

Dungeon Overview and Level Annotations

Branches:
Dungeon (6/15)             Temple (1/1) D:4

Altars:
Ashenzari
Cheibriados
Dithmenos
Elyvilon
Fedhas
Gozag
Kikubaaqudgha
Makhleb
Nemelex Xobeh
Okawaru
Qazlal
Ru
Sif Muna
Uskayaw
Vehumet
Wu Jian
Xom
Yredelemnul
Zin
The Shining One

Annotations:
D:2 1 runed translucent door, Crazy Yiuf


Innate Abilities, Weirdness & Mutations

You are immune to sickness and miasma.
You are immune to poison.
Your flesh is very heat resistant. (rF++)
You are vulnerable to cold. (rC-)
You float through the air rather than walking.
You learn spells naturally, not from books.
Your magical power is your life essence.
You have superior vitality. (+4 MHP)


Message History

Things that are here:
a +0 dagger; a +0 robe; an orc corpse
Things that are here:
a +0 short sword; a +0 scale mail The orc warrior is no longer charmed.
The orc warrior hits you with a +0 trident!
You hit the orc warrior but do no damage.
The orc warrior hits you with a +0 trident.
You slash the orc warrior!
The orc warrior is moderately wounded.
The orc warrior barely misses you.
You hit the orc warrior but do no damage.
The orc warrior is moderately wounded.
The orc warrior barely misses you.
The orc warrior hits you with a +0 trident!
You hit the orc warrior but do no damage.
The orc warrior is moderately wounded.
The orc warrior completely misses you.
You closely miss the orc warrior.
The orc warrior is moderately wounded.
The orc warrior hits you but does no damage.
You slash the orc warrior!
The orc warrior is almost dead.
The orc warrior misses you. The orc warrior closely misses you.
You barely miss the orc warrior.
The orc warrior is almost dead.
The orc warrior hits you with a +0 trident.
You hit the orc warrior but do no damage.
The orc warrior is almost dead.
The orc warrior hits you with a +0 trident.
You hit the orc warrior but do no damage.
The orc warrior is almost dead.
The orc warrior hits you with a +0 trident!
* * * LOW HITPOINT WARNING * * *
You closely miss the orc warrior.
The orc warrior is almost dead.
The orc warrior hits you with a +0 trident!
* * * LOW HITPOINT WARNING * * *
The orc warrior hits you with a +0 trident.
You die...

....#....## #
......##>.## #
.....####..## #####
...### ##..####...#
..## ##..##....# .##
##........# ##
####.......<.# #
##.........o).#
#..........@.## .
##.........##..###
...
##.........####...##
..... ##.........##
###..### .....
#..........##
##...## .....
#...........#
###..###.....
##...........#
####...# . .
##............#
###...##.......
#...........).#
##........#####


You could see an orc warrior.

Vanquished Creatures
  2 ogres
  A phantom (D:6)
  4 scorpions (D:5)
  2 hounds
  A jelly (D:4)
  A bullfrog skeleton (D:5)
  2 centaur skeletons (D:5)
  Jessica (D:3)
  10 adders
  11 gnolls
  An adder zombie (D:5)
  An adder skeleton (D:4)
  3 dart slugs
  7 orcs (D:6)
  10 endoplasms
  5 giant cockroaches
  8 goblins
  5 hobgoblins
  11 jackals
  A quokka (D:2)
  5 ball pythons
  9 bats
  A frilled lizard (D:1)
  6 kobolds
  3 rats
111 creatures vanquished.

Vanquished Creatures (collateral kills)
  An ogre (D:5)
  A gnoll sergeant (D:5)
  An orc wizard (D:6)
  An adder (D:5)
  3 gnolls (D:5)
  An orc (D:6)
8 creatures vanquished.

Vanquished Creatures (others)
  A gnoll sergeant (D:5)
  A hound (D:5)
  An adder (D:5)
  12 fungi (D:5)
15 creatures vanquished.

Grand Total: 134 creatures vanquished

Notes
Turn   | Place    | Note
-------+----------+-------------------------------------------
     0 | D:1      | Shayle the Djinni Warper began the quest for the Orb.
     0 | D:1      | Reached XP level 1. HP: 18/18 MP: 0/0
   245 | D:1      | Reached XP level 2. HP: 23/23 MP: 0/0
   356 | D:1      | Reached skill level 1 in Stealth
   768 | D:2      | Found a runed translucent door.
   769 | D:2      | Noticed Crazy Yiuf
   815 | D:2      | Reached XP level 3. HP: 27/29 MP: 0/0
   815 | D:2      | Learned a level 1 spell: Magic Dart
   834 | D:2      | Reached skill level 3 in Fighting
   871 | D:2      | Reached XP level 4. HP: 22/35 MP: 0/0
  1006 | D:2      | Found a faded altar of an unknown god.
  1666 | D:3      | Noticed Jessica
  1676 | D:3      | Killed Jessica
  1677 | D:3      | Reached XP level 5. HP: 35/40 MP: 0/0
  1677 | D:3      | Learned a level 2 spell: Poisonous Vapours
  1684 | D:3      | Found an ornate altar of the Wu Jian Council.
  1731 | D:3      | Found a sparkling altar of Nemelex Xobeh.
  2087 | D:3      | Noticed an ogre
  2109 | D:3      | Killed an ogre
  2110 | D:3      | Reached skill level 4 in Fighting
  2110 | D:3      | Reached XP level 6. HP: 12/48 MP: 0/0
  2968 | D:4      | Noticed an ogre
  3339 | D:4      | Found a staircase to the Ecumenical Temple.
  3348 | Temple   | Entered the Ecumenical Temple
  4075 | D:5      | Entered Level 5 of the Dungeon
  4114 | D:5      | Reached skill level 5 in Fighting
  4114 | D:5      | Reached XP level 7. HP: 51/54 MP: 0/0
  4114 | D:5      | Learned a level 3 spell: Inner Flame
  4224 | D:5      | Identified the +7 hand axe "Xabyosm" {holy, Int+4 Dex+2}
  4349 | D:5      | Found a blossoming altar of Fedhas.
  5161 | D:5      | Reached skill level 6 in Fighting
  5161 | D:5      | Reached skill level 5 in Stealth
  5188 | D:5      | Reached XP level 8. HP: 40/61 MP: 0/0
  5731 | D:5      | Reached skill level 7 in Fighting
  6012 | D:6      | Found a hide-covered altar of Uskayaw.
  6346 | D:6      | Found a broken altar of Ashenzari.
  6368 | D:6      | Became a worshipper of Ashenzari the Shackled
  6687 | D:6      | Slain by an orc warrior

Illustrated notes

Levels and vault maps discovered:
D:1:      lordsloth_arrival_two_stooges, layout_rooms
D:2:      layout_basic, hellmonk_ecumenical_altar_lost_god,
          uniq_crazy_yiuf_cottage
D:3:      layout_rooms, mainiacjoe_overflow_large_starburst, uniq_jessica
D:4:      minmay_opposing_rooms, layout_basic, minmay_temple_entry_large_hall
D:5:      old_forge, layout_basic, kennysheep_little_box, minmay_holes,
          minmay_manual_mail
D:6:      layout_cave_pods, mainiacjoe_overflow_six_doors_small,
          mainiacjoe_overflow_brackets, mainiacjoe_overflow_catwalk
Temple:   eino_narrow_crystal_temple

Skill      XL: |  1  2  3  4  5  6  7  8 |
---------------+-------------------------+-----
Stealth        | 1 2 3 4 5 6 |  6.2
Fighting       | 3 4 5 6 7 |  7.2
Throwing       | |  0.7
Armour         | |  1.0
Dodging        | |  2.1
Unarmed Combat | |  2.0
Spellcasting   | |  2.4

Action                   |  1- 3 |  4- 6 |  7- 9 || total
-------------------------+-------+-------+-------++-------
Melee: Unarmed           |    14 |       |       ||    14
       Dagger            |    65 |   164 |       ||   229
       Punch             |       |     3 |     3 ||     6
       Hand axe          |       |       |   114 ||   114
Throw: Boomerang         |       |     1 |       ||     1
 Cast: Poisonous Vapours |       |       |     1 ||     1
Evoke: Wand              |       |       |     8 ||     8
  Use: Scroll            |       |     1 |    13 ||    14
 Stab: Sleeping          |     1 |     3 |     3 ||     7
       Distracted        |       |     1 |       ||     1
       Held in net/web   |       |       |     1 ||     1
Armor: Leather armour    |    11 |       |       ||    11
       Robe              |    21 |    48 |    47 ||   116
Dodge: Dodged            |    40 |   102 |   111 ||   253

Table legend: (Time is in decaauts)
 A = Elapsed time spent in this place.
 B = Non-inter-level travel time spent in this place.
 C = Inter-level travel time spent in this place.
 D = Time resting spent in this place.
 E = Time spent auto-exploring this place.
 F = Levels seen in this place.
 G = Mean time per level.
                   A        B        C        D        E       F      G
               +--------+--------+--------+--------+--------+-----+--------+
         Total |   6727 |   6274 |    453 |   1384 |   3223 |   7 |  961.0 |
       Dungeon |   6525 |   6085 |    440 |   1384 |   3041 |   6 | 1087.5 |
        Temple |    201 |    188 |     13 |      0 |    182 |   1 |  201.0 |
               +--------+--------+--------+--------+--------+-----+--------+

Top non-repeatable levels by time:
     D:5: 1740 daAuts
     D:4: 1694 daAuts
     D:2: 1132 daAuts
     D:3: 927 daAuts
     D:1: 623 daAuts
     D:6: 407 daAuts
  Temple: 201 daAuts
